Map: Frozen Temple

Players

Amix

  • Race: Protoss Protoss
  • League: Platinum
  • Spawn Location: 11:00

GriG - Winner!

  • Race: Zerg Zerg
  • League: Platinum
  • Spawn Location: 5:00

VOD

Have the link to the VOD?

Description

Time

  • Played on: Nov. 6, 2016, 12:42 p.m.
  • Length: 11:45
Show
View Real Time Build Order
Export as new Build Order

Amix Protoss 

Build Orders:  

Get SALT Encoding   

  12  0:02  Probe (Chrono Boost)  
  13  0:17  Pylon  
  13  0:19  Probe (Chrono Boost)  
  14  0:29  Probe (Chrono Boost)  
  15  0:36  Gateway  
  15  0:40  Probe (Chrono Boost)  
  16  0:50  Probe (Chrono Boost)  
  16  0:53  Assimilator  
  16  0:56  Assimilator  
  17  1:01  Probe (Chrono Boost)  
  18  1:11  Probe (Chrono Boost)  
  19  1:22  Probe (Chrono Boost)  
  20  1:28  Cybernetics Core  
  20  1:35  Pylon  
  20  1:42  Probe (Chrono Boost)  
  21  1:49  Pylon  
  21  1:53  Zealot, Probe (Chrono Boost)  
  24  2:03  Probe (Chrono Boost)  
  24  2:05  Warp Gate (Chrono Boost)  
  25  2:15  Twilight Council  
  27  2:25  Probe  
  28  2:32  Stalker  
  28  2:51  Resonating Glaives (Chrono Boost)  
  28  2:59  Probe  
  29  3:09  Pylon  
  29  3:11  Probe, Pylon  
  29  3:12  Adept  
  32  3:15  Pylon  
  32  3:24  Gateway  
  32  3:25  Gateway  
  32  3:38  Gateway  
  32  4:05  Gateway  
  31  4:27  Adept x3  
  37  4:44  Adept  
  39  4:51  Adept x2  
  39  4:52  Adept  
  45  5:06  Adept x2  
  49  5:10  Pylon  
  49  5:23  Mothership Core  
  49  5:27  Adept x5  
  61  5:49  Stalker x2  
  65  5:50  Stalker x3  
  71  6:24  Pylon  
  71  6:26  Pylon  
  71  6:29  Blink (Chrono Boost)  
  71  6:31  Pylon  
  71  6:32  Pylon  
  55  7:22  Adept  
  55  7:23  Adept x4  
  59  8:02  Adept x5  
  31  9:14  Gateway  
  31  9:17  Gateway  
  31  9:21  Gateway  
  31  9:22  Nexus  
  31  9:27  Stalker  
  33  9:52  Pylon  
  33  9:54  Pylon  
  33  10:05  Zealot x5  
  43  10:20  Gateway  
  42  10:41  Zealot x3  
  40  10:48  Zealot  
  34  11:08  Zealot  
  36  11:15  Mothership Core  
  38  11:24  Zealot  
Show
View Real Time Build Order
Export as new Build Order

GriG Zerg - Winner!

Build Orders: Hatch First 

Get SALT Encoding   

  12  0:02  Drone  
  13  0:12  Overlord  
  13  0:18  Drone  
  14  0:31  Drone x2  
  16  0:36  Drone  
  17  0:53  Hatchery  
  17  0:57  Drone  
  17  1:01  Drone  
  18  1:11  Extractor  
  18  1:16  Spawning Pool  
  16  1:18  Drone  
  16  1:22  Drone  
  18  1:34  Drone  
  19  1:46  Overlord  
  19  2:05  Queen  
  19  2:07  Zergling x6  
  24  2:10  Queen  
  24  2:12  Metabolic Boost  
  26  2:16  Drone  
  26  2:20  Drone  
  26  2:22  Drone  
  29  2:27  Drone  
  30  2:33  Overlord  
  30  2:40  Drone  
  31  2:46  Drone  
  31  2:50  Drone  
  33  2:55  Drone  
  34  3:06  Drone  
  34  3:07  Drone  
  36  3:15  Drone x2  
  36  3:16  Drone x2  
  40  3:20  Drone x4  
  44  3:31  Overlord  
  44  3:34  Overlord, Hatchery  
  44  3:38  Overlord  
  43  3:49  Evolution Chamber  
  43  3:55  Evolution Chamber  
  41  3:58  Roach Warren, Lair  
  41  4:02  Drone x3  
  43  4:03  Extractor  
  43  4:04  Drone, Extractor  
  43  4:06  Drone  
  43  4:08  Drone  
  43  4:09  Drone  
  45  4:16  Overlord  
  45  4:35  Drone  
  45  4:36  Drone x2  
  45  4:37  Extractor  
  45  4:38  Drone  
  48  4:46  Roach x6  
  48  4:52  Spine Crawler  
  59  4:55  Spine Crawler  
  59  4:56  Drone x2  
  60  5:04  Pneumatized Carapace  
  60  5:06  Roach  
  62  5:07  Roach x4  
  70  5:15  Drone x4  
  74  5:22  Spore Crawler x2  
  74  5:26  Spore Crawler  
  74  5:27  Spore Crawler  
  70  5:29  Overlord  
  70  5:36  Drone x3  
  70  5:41  Spine Crawler  
  72  5:43  Spore Crawler  
  72  5:44  Spore Crawler  
  70  5:53  Drone x5  
  70  5:54  Drone x2  
  74  6:07  Spine Crawler  
  73  6:13  Spine Crawler  
  73  6:14  Zerg Ground Armor Level 1, Zerg Missile Weapons Level 1  
  73  6:15  Queen  
  74  6:22  Spine Crawler  
  74  6:23  Zergling x6  
  76  6:37  Spine Crawler  
  75  6:43  Zergling x2  
  75  6:44  Zergling x14  
  78  6:51  Zergling x2  
  78  6:52  Zergling x12  
  60  7:09  Roach  
  60  7:10  Roach x5  
  60  7:23  Roach x3  
  53  7:33  Roach  
  53  7:34  Roach x2  
  56  7:48  Roach  
  56  7:49  Roach x4  
  58  8:00  Zergling x2  
  58  8:01  Zergling x6  
  52  8:20  Zergling x2  
  52  8:21  Zergling x8  
  51  8:30  Drone x3  
  47  8:45  Zergling x2  
  47  8:46  Zergling x6  
  49  8:51  Zergling x4  
  49  8:55  Queen  
  49  8:56  Queen  
  49  8:58  Drone x3  
  56  9:04  Zergling x2  
  57  9:11  Glial Reconstitution  
  57  9:12  Zerg Missile Weapons Level 2  
  57  9:13  Zerg Ground Armor Level 2  
  57  9:18  Roach x2  
  57  9:21  Drone x2  
  63  9:27  Drone x3  
  66  9:33  Spore Crawler  
  66  9:37  Drone x3  
  68  9:43  Ravager x2  
  68  9:44  Ravager x2  
  72  9:46  Zergling x4  
  74  10:15  Drone x3  
  74  10:16  Drone x3  
  74  10:17  Drone x2  
  74  10:20  Overlord x3  
  74  10:21  Overlord  
  69  10:52  Zergling x16  
  69  10:53  Zergling x14  
  81  11:06  Drone x3, Extractor  
  81  11:08  Queen  
  85  11:13  Extractor  
  85  11:14  Roach x3  
  90  11:25  Drone x3  
  93  11:27  Drone x2  
  92  11:42  Hatchery  
Tags
 
Add a new tag
Caveats
  • Supply blocks, unpowered buildings, or Contaminate may cause inaccurate times.
  • Supply counts are checked every 10 seconds.